 Dungeon Crawl Stone Soup version 0.28-a0-643-g84cb2ea78e (webtiles) character file.

Game seed: 11118515918691344899

281 Irenicus the Digger (level 6, 0/49 HPs)
             Began as a Deep Dwarf Earth Elementalist on Oct 10, 2021.
             Slain by an orc (3 damage)
             ... on level 3 of the Dungeon.
             The game lasted 00:11:20 (1516 turns).

Irenicus the Digger (Deep Dwarf Earth Elementalist) Turns: 1516, Time: 00:11:21

Health: 0/49       AC:  2    Str: 12    XL:     6   Next: 6%
Magic:  9/10       EV: 12    Int: 17    God:
Gold:   73         SH:  0    Dex: 13    Spells: 5/11 levels left

rFire   . . .      SeeInvis .   m - +3 quarterstaff (chaos)
rCold   . . .      Faith    .   (shield currently unavailable)
rNeg    . . .      Spirit   .   b - +0 robe
rPois   .          Reflect  .   (no helmet)
rElec   .          Harm     .   (no cloak)
rCorr   .          Rampage  .   (no gloves)
Will    .....                   (no boots)
Stlth   ++........              (no amulet)
HPRegen 0.00/turn               (no ring)
MPRegen 0.12/turn               (no ring)

@: on berserk cooldown, slowed, very slow
A: damage resistance, heal wounds, sense surroundings 1, no regeneration
a: Heal Wounds


You were on level 3 of the Dungeon.
You visited 1 branch of the dungeon, and saw 3 of its levels.

You collected 73 gold pieces.


Innate Abilities, Weirdness & Mutations

You are resistant to damage.
You can heal yourself by infusing magical energy.
You passively map a small area around you.
You do not regenerate.


   Skills:
 - Level 2.1 Dodging
 - Level 2.4 Stealth
 - Level 3.3 Spellcasting
 - Level 0.8 Transmutations
 + Level 7.7 Earth Magic


You had 5 spell levels left.
You knew the following spells:

 Your Spells              Type           Power      Damage    Failure   Level
t - Stone Arrow           Conj/Erth      32%        3d9       11%         3
w - Passwall              Tmut/Erth      14%        N/A       4%          2
z - Sandblast             Erth           58%        2d13      1%          1

Your spell library contained the following spells:

 Spells                   Type           Power      Damage    Failure   Level
 Petrify                  Tmut/Erth      17%        N/A       28%         4
 Tukima's Dance           Hex            2%         N/A       45%         3
 Passage of Golubria      Tloc           N/A        N/A       86%         4
 Yara's Violent Unravell  Hex/Tmut       2%         3d3       98%         5

Inventory:

Hand Weapons
 d - a +0 dagger
 m - a +3 quarterstaff of chaos (weapon)
Missiles
 c - 59 stones
Armour
 b - a +0 robe (worn)
 l - a +0 cloak
Scrolls
 a - 2 scrolls of teleportation {unknown}
 e - a scroll of amnesia {unknown}
 f - a scroll of identify {unknown}
 k - a scroll of brand weapon {unknown}
Potions
 g - a potion of might

Dungeon Overview and Level Annotations

Branches:
Dungeon (3/15)

Altars:

Annotations:
D:3 2 transporters, SeagullWaffle's ghost, amateur DrFi; Sigmund

# ...#.# * , #.# #
*#...#.#.##............#
#.# #
##..#.#.#.............#
#.# . *
..#........#....#...#
#.# .. ,
<................###.#
## ,
*..........##.........#
. ,
..........##....####.# ,
* ......oo........## #.#
** ......o@#....#...#
#.# #####.!o.........#
#.# #.............# #.#
#......#.#....###.#
#......#..........#
##.....########.###
####### #.# #.# * #.##


You could see an orc wizard (berserk) and 3 orcs.


Message History

The orc wizard is almost dead.
You are no longer berserk.
You are exhausted.
You feel yourself slow down. The orc wizard closely misses you.
The orc barely misses you. The orc hits you with a +0 club.
* * * LOW HITPOINT WARNING * * *
The orc closely misses you.
You closely miss the orc wizard.
The orc wizard is almost dead.
The orc wizard hits you with a +0 dagger.
The orc wizard closely misses you. The orc hits you but does no damage.
The orc hits you with a +0 club.
* * * LOW HITPOINT WARNING * * *
The orc barely misses you.
The orc wizard hits you with a +0 dagger.
* * * LOW HITPOINT WARNING * * *
The orc barely misses you. The orc hits you with a +0 club.
The orc closely misses you.
Casting: Sandblast (safe; 1% risk of failure)
Confirm with . or Enter, or press ? or * to list all spells.
Aiming: Sandblast (safe; 1% risk of failure)
Press: ? - help, Shift-Dir - straight line, f - orc wizard
Aim: an orc wizard, wielding a +0 dagger and wearing a +0 robe (almost dead, berserk, 76% to hit)
The blast of sand hits the orc wizard.
The orc wizard is almost dead.
The orc wizard hits you with a +0 dagger.
* * * LOW HITPOINT WARNING * * *
The orc hits you with a +0 hand axe.
You die...

Skill      XL: |  1  2  3  4  5 |
---------------+----------------+-----
Earth Magic    | 5 6 7 |  7.7
Spellcasting   | 2 3 |  3.3
Dodging        | |  2.1
Stealth        | |  2.4
Transmutations | |  0.8

Action                   |  1- 3 |  4- 6 || total
-------------------------+-------+-------++-------
Melee: Dagger            |    37 |       ||    37
       Quarterstaff      |       |     7 ||     7
 Cast: Sandblast         |    43 |    18 ||    61
       Passwall          |    10 |     2 ||    12
 Abil: Heal Wounds       |     1 |       ||     1
  Use: Potion            |     1 |     3 ||     4
 Stab: Sleeping          |     4 |       ||     4
Armor: Robe              |    10 |     4 ||    14
Dodge: Dodged            |    34 |    21 ||    55

Levels and vault maps discovered:
D:1:      denvon_arrival_planthouse, layout_rooms, serial_co_window_serial,
          co_window_of_opportunity_a, co_window_paths_a,
          co_window_of_opportunity_a, co_window_paths_a, co_window_paths_a,
          co_window_of_opportunity_c, co_window_cross_4,
          co_window_unsneaky_path_d, co_window_cross_4, co_window_corner_b,
          co_window_cross_2, glass_columns_b, glass_columns_b, glass_columns_c
D:2:      layout_loops_corners, dreamdust_ecumenical_altar_angels_and_demons
D:3:      layout_basic, gammafunk_ghost_smash, serial_bayou_pond_d,
          chequers_serial_rivers_micro_c, skrybe_limestone_x,
          minmay_close_crescents, uniq_sigmund, uniq_crazy_yiuf_cottage

Notes
Turn   | Place    | Note
-------+----------+-------------------------------------------
     0 | D:1      | Irenicus the Deep Dwarf Earth Elementalist began the quest
                  | for the Orb.
     0 | D:1      | Reached XP level 1. HP: 15/15 MP: 3/3
   109 | D:1      | Reached XP level 2. HP: 14/22 MP: 0/4
   139 | D:1      | Learned a level 2 spell: Passwall
   329 | D:1      | Reached skill level 5 in Earth Magic
   750 | D:2      | Reached XP level 3. HP: 9/28 MP: 1/5
   801 | D:2      | Found a faded altar of an unknown god.
  1095 | D:2      | Reached skill level 6 in Earth Magic
  1160 | D:2      | Noticed a black bear
  1164 | D:2      | Killed a black bear
  1165 | D:2      | Reached skill level 2 in Spellcasting
  1165 | D:2      | Reached XP level 4. HP: 35/36 MP: 1/8
  1165 | D:2      | Reached XP level 5. HP: 41/42 MP: 1/9
  1268 | D:3      | Reached skill level 7 in Earth Magic
  1270 | D:3      | Found a transporter.
  1271 | D:3      | Noticed SeagullWaffle's ghost (amateur DrFi)
  1271 | D:3      | Noticed an ogre
  1272 | D:3      | Identified the +7 great mace of Imuatsu {freeze, rF+}
  1272 | D:3      | Noticed an ogre
  1280 | D:3      | Found a transporter.
  1362 | D:3      | Noticed Sigmund
  1426 | D:3      | Noticed an ogre
  1432 | D:3      | Killed an ogre
  1433 | D:3      | Reached skill level 3 in Spellcasting
  1438 | D:3      | Learned a level 3 spell: Stone Arrow
  1464 | D:3      | Found a runed translucent door.
  1465 | D:3      | Noticed Crazy Yiuf
  1471 | D:3      | Killed Crazy Yiuf
  1472 | D:3      | Reached XP level 6. HP: 14/49 MP: 6/10
  1516 | D:3      | HP: 3/49 [orc wizard (3)]
  1516 | D:3      | Slain by an orc

Vanquished Creatures
  A black bear (D:2)
  An ogre (D:3)
  Crazy Yiuf (D:3)
  A hound skeleton (D:2)
  2 adders
  A worm (D:2)
  A dart slug (D:2)
  An orc (D:3)
  5 bats
  3 endoplasms
  A giant cockroach (D:1)
  7 hobgoblins
  3 jackals (D:1)
  4 kobolds
  A quokka (D:1)
  5 ball pythons
  4 frilled lizards (D:1)
  4 goblins
  3 rats
49 creatures vanquished.

Vanquished Creatures (others)
  A plant (D:1)
1 creature vanquished.

Grand Total: 50 creatures vanquished

Table legend: (Time is in decaauts)
 A = Elapsed time spent in this place.
 B = Non-inter-level travel time spent in this place.
 C = Inter-level travel time spent in this place.
 D = Time resting spent in this place.
 E = Time spent auto-exploring this place.
 F = Levels seen in this place.
 G = Mean time per level.
                   A        B        C        D        E       F      G
               +--------+--------+--------+--------+--------+-----+--------+
         Total |   1515 |   1465 |     50 |      0 |      0 |   3 |  505.0 |
       Dungeon |   1515 |   1465 |     50 |      0 |      0 |   3 |  505.0 |
               +--------+--------+--------+--------+--------+-----+--------+

Top non-repeatable levels by time:
     D:1: 645 daAuts
     D:2: 610 daAuts
     D:3: 258 daAuts

Table legend:
 A = Non-vault XP
 B = Vault XP
 C = Vault XP percentage of total XP
 D = Non-vault monster count
 E = Vault monster count
 F = Vault count percentage of total count
                 A         B        C        D         E       F
            +---------+---------+-------+---------+---------+-------
      Total |     365 |      37 |   9.2 |      48 |       1 |   2.0
            +---------+---------+-------+---------+---------+-------
        D:1 |      36 |       0 |   0.0 |      25 |       0 |   0.0
        D:2 |     187 |       0 |   0.0 |      17 |       0 |   0.0
        D:3 |     142 |      37 |  20.7 |       6 |       1 |  14.3
            +---------+---------+-------+---------+---------+-------
